BSA
ST CHARLES SHEENS @ JERSEY SHORE D-BAGS
05/14/2024
 
TOP OF THE 1ST
St Charles Sheens batting - Pitching for Jersey Shore D-Bags : LHP Ramón Ruíz
Pitching: LHP Ramón Ruíz
Batting: RHB Alfredo Rivera 0-0: Ball
1-0: Ground out 6-3 (Groundball, 6)
Batting: RHB Max Rash 0-0: Called Strike
0-1: Foul Ball, location: 2F
0-2: Foul Ball, location: 2F
0-2: Ball
1-2: SINGLE (Groundball, 34)
Batting: RHB Judson Backstrom 0-0: Ball
1-0: Ball
2-0: Fielders Choice at 2nd, 3-6 (Groundball, 34)
Batting: LHB Bob Ware 0-0: Called Strike
0-1: SINGLE (Flyball, 6MD)
Judson Backstrom to second
Batting: RHB Kel Pierce 0-0: Called Strike
0-1: Swinging Strike
0-2: Ball
1-2: Ball
2-2: Strikes out swinging
Top of the 1st over - 0 run(s), 2 hit(s), 0 error(s), 2 left on base; St Charles 0 - Jersey Shore 0
BOTTOM OF THE 1ST
Jersey Shore D-Bags batting - Pitching for St Charles Sheens : RHP Oscar Wheeler
Pitching: RHP Oscar Wheeler
Batting: RHB Orlando Bruno 0-0: Ball
1-0: Called Strike
1-1: Called Strike
1-2: Strikes out looking
Batting: RHB Ricardo González 0-0: Called Strike
0-1: Foul Ball, location: 2F
0-2: Ball
1-2: Ground out U3 (Groundball, 3S)
Batting: LHB Mike Bryant 0-0: Ball
1-0: Ball
2-0: Ball
3-0: Base on Balls
Batting: LHB Dave Dodd 0-0: Called Strike
0-1: Called Strike
0-2: Strikes out swinging
Bottom of the 1st over - 0 run(s), 0 hit(s), 0 error(s), 1 left on base; St Charles 0 - Jersey Shore 0
TOP OF THE 2ND
St Charles Sheens batting - Pitching for Jersey Shore D-Bags : LHP Ramón Ruíz
Batting: RHB Júlio Hernández 0-0: Ball
1-0: SINGLE (Line Drive, 56)
Batting: LHB Gene Cooper 0-0: Ball
Wild Pitch!
Júlio Hernández to second
1-0: Ball
2-0: Foul Ball, location: 2F
2-1: Called Strike
2-2: Foul Ball, location: 2F
2-2: Foul Ball, location: 2F
2-2: Strikes out swinging
Batting: RHB Xavier Feliciano 0-0: Ball
1-0: Ground out 6-3 (Groundball, 6M)
Júlio Hernández to third
Batting: RHB Guo-xiu Choi 0-0: Ball
1-0: Foul Ball, location: 2F
1-1: Fly out, F4 (Popup, 4MD)
Top of the 2nd over - 0 run(s), 1 hit(s), 0 error(s), 1 left on base; St Charles 0 - Jersey Shore 0
BOTTOM OF THE 2ND
Jersey Shore D-Bags batting - Pitching for St Charles Sheens : RHP Oscar Wheeler
Batting: SHB Tadahisa Kisuki 0-0: Ball
1-0: Ball
2-0: Foul Ball, location: 2F
2-1: Ball
3-1: Base on Balls
Batting: LHB Armando Macías 0-0: Called Strike
0-1: Ball
1-1: Called Strike
1-2: Grounds into double play, 4-6-3 (Groundball, 4)
Batting: LHB Albert Morgan 0-0: Fly out, F4 (Popup, 34D)
Bottom of the 2nd over - 0 run(s), 0 hit(s), 0 error(s), 0 left on base; St Charles 0 - Jersey Shore 0
TOP OF THE 3RD
St Charles Sheens batting - Pitching for Jersey Shore D-Bags : LHP Ramón Ruíz
Batting: RHB Alfredo Rivera 0-0: Called Strike
0-1: Ball
1-1: Called Strike
1-2: Ground out 4-3 (Groundball, 4)
Batting: RHB Max Rash 0-0: Ball
1-0: Swinging Strike
1-1: Swinging Strike
1-2: Strikes out swinging
Batting: RHB Judson Backstrom 0-0: Called Strike
0-1: Ball
1-1: SINGLE (Groundball, 56D)
Batting: LHB Bob Ware 0-0: SINGLE (Flyball, 8LS)
Judson Backstrom to second
Batting: RHB Kel Pierce 0-0: Ball
1-0: Foul Ball, location: 2F
1-1: Fielders Choice at 2nd, U6 (Groundball, 6M)
Top of the 3rd over - 0 run(s), 2 hit(s), 0 error(s), 2 left on base; St Charles 0 - Jersey Shore 0
BOTTOM OF THE 3RD
Jersey Shore D-Bags batting - Pitching for St Charles Sheens : RHP Oscar Wheeler
Batting: RHB Gerardo Escobedo 0-0: Called Strike
0-1: Ground out U3 (Groundball, 3S)
Batting: RHB Lawrence Yates 0-0: Ball
1-0: Called Strike
1-1: Swinging Strike
1-2: Ball
2-2: Strikes out swinging
Batting: RHB Orlando Bruno 0-0: Called Strike
0-1: Ball
1-1: Ball
2-1: Foul Ball, location: 2F
2-2: SINGLE (Line Drive, 89M)
Batting: RHB Ricardo González 0-0: Ball
1-0: Called Strike
1-1: Ball
2-1: Ball
Passed Ball!
Orlando Bruno to second
3-1: Ground out 5-3 (Groundball, 56S)
Bottom of the 3rd over - 0 run(s), 1 hit(s), 0 error(s), 1 left on base; St Charles 0 - Jersey Shore 0
TOP OF THE 4TH
St Charles Sheens batting - Pitching for Jersey Shore D-Bags : LHP Ramón Ruíz
Batting: RHB Júlio Hernández 0-0: Ball
1-0: Ball
2-0: Ground out 6-3 (Groundball, 6)
Batting: LHB Gene Cooper 0-0: Ball
1-0: Called Strike
1-1: Ball
2-1: Ball
3-1: Base on Balls
Batting: RHB Xavier Feliciano 0-0: Called Strike
0-1: Ball
1-1: Ball
2-1: Ball
3-1: Called Strike
3-2: SINGLE (Flyball, 8RS)
Gene Cooper to second
Batting: RHB Guo-xiu Choi 0-0: Called Strike
0-1: Fly out, F7 (Flyball, 78D)
Batting: RHB Alfredo Rivera 0-0: Ball
1-0: Called Strike
1-1: Ball
2-1: Ball
3-1: Called Strike
3-2: Foul Ball, location: 2F
3-2: DOUBLE (Line Drive, 7LD)
Gene Cooper scores
Xavier Feliciano to third
Xavier Feliciano scores
Batting: RHB Max Rash 0-0: SINGLE (Groundball, 23) (infield hit)
Alfredo Rivera to third
Batting: RHB Judson Backstrom 0-0: Ground out 4-3 (Groundball, 13)
Top of the 4th over - 2 run(s), 3 hit(s), 0 error(s), 2 left on base; St Charles 2 - Jersey Shore 0
BOTTOM OF THE 4TH
Jersey Shore D-Bags batting - Pitching for St Charles Sheens : RHP Oscar Wheeler
Batting: LHB Mike Bryant 0-0: Ball
1-0: Called Strike
1-1: Foul Ball, location: 2F
1-2: Strikes out looking
Batting: LHB Dave Dodd 0-0: Ball
1-0: SOLO HOME RUN (Line Drive, 9D), Distance : 376 ft
Batting: SHB Tadahisa Kisuki 0-0: Called Strike
0-1: Foul Ball, location: 2F
0-2: Ball
1-2: Strikes out looking
Batting: LHB Armando Macías 0-0: Ball
1-0: Ball
2-0: Called Strike
2-1: Foul Ball, location: 2F
2-2: Strikes out swinging
Bottom of the 4th over - 1 run(s), 1 hit(s), 0 error(s), 0 left on base; St Charles 2 - Jersey Shore 1
TOP OF THE 5TH
St Charles Sheens batting - Pitching for Jersey Shore D-Bags : LHP Ramón Ruíz
Batting: LHB Bob Ware 0-0: Ground out 4-3 (Groundball, 34)
Batting: RHB Kel Pierce 0-0: Called Strike
0-1: Swinging Strike
0-2: Fly out, F8 (Flyball, 8LM)
Batting: RHB Júlio Hernández 0-0: Foul Ball, location: 2F
0-1: Ground out 6-3 (Groundball, 6M)
Top of the 5th over - 0 run(s), 0 hit(s), 0 error(s), 0 left on base; St Charles 2 - Jersey Shore 1
BOTTOM OF THE 5TH
Jersey Shore D-Bags batting - Pitching for St Charles Sheens : RHP Oscar Wheeler
Batting: LHB Albert Morgan 0-0: Fly out, F9 (Flyball, 89M)
Batting: RHB Gerardo Escobedo 0-0: Ball
1-0: Foul Ball, location: 2F
1-1: Ball
2-1: Ball
3-1: Called Strike
3-2: Strikes out swinging
Batting: RHB Lawrence Yates 0-0: Called Strike
0-1: Called Strike
0-2: Strikes out swinging
Bottom of the 5th over - 0 run(s), 0 hit(s), 0 error(s), 0 left on base; St Charles 2 - Jersey Shore 1
TOP OF THE 6TH
St Charles Sheens batting - Pitching for Jersey Shore D-Bags : LHP Ramón Ruíz
Batting: LHB Gene Cooper 0-0: Called Strike
0-1: Ball
1-1: Foul Ball, location: 2F
1-2: Ball
2-2: Ground out 4-3 (Groundball, 4)
Batting: RHB Xavier Feliciano 0-0: Ball
1-0: Ball
2-0: Swinging Strike
2-1: Fly out, F9 (Flyball, 9LM)
Batting: RHB Guo-xiu Choi 0-0: Called Strike
0-1: Called Strike
0-2: Strikes out swinging
Top of the 6th over - 0 run(s), 0 hit(s), 0 error(s), 0 left on base; St Charles 2 - Jersey Shore 1
BOTTOM OF THE 6TH
Jersey Shore D-Bags batting - Pitching for St Charles Sheens : RHP Oscar Wheeler
Batting: RHB Orlando Bruno 0-0: Called Strike
0-1: Called Strike
0-2: Ground out 1-3 (Groundball, 13S)
Batting: RHB Ricardo González 0-0: Called Strike
0-1: Ball
1-1: Ground out 5-3 (Groundball, 5S)
Batting: LHB Mike Bryant 0-0: Foul Ball, location: 2F
0-1: Swinging Strike
0-2: Ball
1-2: Ground out 1-3 (Groundball, 13S)
Bottom of the 6th over - 0 run(s), 0 hit(s), 0 error(s), 0 left on base; St Charles 2 - Jersey Shore 1
TOP OF THE 7TH
St Charles Sheens batting - Pitching for Jersey Shore D-Bags : LHP Ramón Ruíz
Pitching: LHP Claude Pinard
Batting: RHB Alfredo Rivera 0-0: Ball
1-0: Swinging Strike
1-1: DOUBLE (Flyball, 8RD)
Batting: RHB Max Rash 0-0: Called Strike
0-1: Ball
1-1: Swinging Strike
1-2: Strikes out swinging
Batting: RHB Judson Backstrom 0-0: Intentional Walk
Batting: LHB Bob Ware Error on foul ball, E9
0-1: Foul Ball, location: 2F
0-2: Fielders Choice at 2nd, 4-6 (Groundball, 4M)
Alfredo Rivera to third
Batting: RHB Kel Pierce 0-0: SINGLE (Groundball, 13S) (infield hit)
Alfredo Rivera scores
Bob Ware to second
Batting: RHB Júlio Hernández 0-0: Ball
1-0: Called Strike
1-1: Foul Ball, location: 2F
1-2: Ball
2-2: Fielders Choice at 2nd, 5-4 (Groundball, 5)
Top of the 7th over - 1 run(s), 2 hit(s), 1 error(s), 1 left on base; St Charles 3 - Jersey Shore 1
BOTTOM OF THE 7TH
Jersey Shore D-Bags batting - Pitching for St Charles Sheens : RHP Oscar Wheeler
Batting: LHB Dave Dodd 0-0: Foul Ball, location: 2F
0-1: Ground out 1-3 (Groundball, 15S)
Batting: SHB Tadahisa Kisuki 0-0: Foul Ball, location: 2F
0-1: DOUBLE (Line Drive, 9LS)
Batting: LHB Armando Macías 0-0: Foul Ball, location: 2F
0-1: Called Strike
0-2: Ball
1-2: Strikes out swinging
Batting: LHB Albert Morgan 0-0: Swinging Strike
0-1: Ball
1-1: Fly out, F3 (Popup, 3S)
Bottom of the 7th over - 0 run(s), 1 hit(s), 0 error(s), 1 left on base; St Charles 3 - Jersey Shore 1
TOP OF THE 8TH
St Charles Sheens batting - Pitching for Jersey Shore D-Bags : LHP Claude Pinard
Batting: LHB Gene Cooper 0-0: Ball
1-0: Ball
2-0: Foul Ball, location: 2F
2-1: Foul Ball, location: 2F
2-2: Foul Ball, location: 2F
2-2: Foul Ball, location: 2F
2-2: Foul Ball, location: 2F
2-2: Ball
3-2: Foul Ball, location: 2F
3-2: Ground out 2-3 (Groundball, 15S)
Batting: RHB Xavier Feliciano 0-0: Swinging Strike
0-1: Ball
1-1: SINGLE (Groundball, 6MD)
Batting: RHB Guo-xiu Choi 0-0: Called Strike
0-1: Ball
1-1: Ball
2-1: Swinging Strike
2-2: Hit by Pitch
Xavier Feliciano to second
Batting: RHB Alfredo Rivera 0-0: Ball
1-0: Foul Ball, location: 2F
1-1: Ball
2-1: SINGLE (Line Drive, 89S)
Xavier Feliciano to third
Guo-xiu Choi to second
Batting: RHB Max Rash 0-0: Called Strike
0-1: Foul Ball, location: 2F
0-2: Strikes out swinging
Batting: RHB Judson Backstrom 0-0: Ball
1-0: Ball
2-0: Swinging Strike
2-1: Called Strike
2-2: Strikes out swinging
Top of the 8th over - 0 run(s), 2 hit(s), 0 error(s), 3 left on base; St Charles 3 - Jersey Shore 1
BOTTOM OF THE 8TH
Jersey Shore D-Bags batting - Pitching for St Charles Sheens : RHP Oscar Wheeler
Batting: RHB Gerardo Escobedo 0-0: Called Strike
0-1: Ball
1-1: Ball
2-1: Ground out 4-3 (Groundball, 4M)
Batting: RHB Lawrence Yates 0-0: Called Strike
0-1: Ground out 6-3 (Groundball, 6M)
Batting: RHB Orlando Bruno 0-0: Ball
1-0: Ball
2-0: Called Strike
2-1: Ball
3-1: Foul Ball, location: 2F
3-2: Foul Ball, location: 2F
3-2: Strikes out swinging
Bottom of the 8th over - 0 run(s), 0 hit(s), 0 error(s), 0 left on base; St Charles 3 - Jersey Shore 1
TOP OF THE 9TH
St Charles Sheens batting - Pitching for Jersey Shore D-Bags : LHP Claude Pinard
Pitching: LHP Gerald Johnson
Batting: LHB Bob Ware 0-0: Foul Ball, location: 2F
0-1: Swinging Strike
0-2: Ball
1-2: Reached on error, E1 (Groundball, 13S)
Batting: RHB Kel Pierce 0-0: Swinging Strike
0-1: Called Strike
0-2: Strikes out swinging
Batting: RHB Júlio Hernández 0-0: Called Strike
Bob Ware steals 3rd base
0-1: Foul Ball, location: 2F
0-2: Foul Ball, location: 2F
0-2: Ground out 4-3 (Groundball, 4)
Batting: LHB Gene Cooper 0-0: Ball
1-0: Fly out, F9 (Flyball, 89M)
Top of the 9th over - 0 run(s), 0 hit(s), 1 error(s), 1 left on base; St Charles 3 - Jersey Shore 1
BOTTOM OF THE 9TH
Jersey Shore D-Bags batting - Pitching for St Charles Sheens : RHP Oscar Wheeler
Pitching: RHP Juan Rivera
Batting: RHB Ricardo González 0-0: Called Strike
0-1: Swinging Strike
0-2: Foul Ball, location: 2F
0-2: SINGLE (Groundball, 6MD) (infield hit)
Batting: LHB Mike Bryant 0-0: Ball
1-0: Swinging Strike
1-1: Ball
2-1: Called Strike
2-2: Fielders Choice at 2nd, 4-6 (Groundball, 4)
Batting: LHB Dave Dodd 0-0: Called Strike
0-1: Foul Ball, location: 2F
0-2: Ball
1-2: Foul Ball, location: 2F
1-2: Strikes out swinging
Batting: SHB Tadahisa Kisuki 0-0: Ground out U3 (Groundball, 3)
Bottom of the 9th over - 0 run(s), 1 hit(s), 0 error(s), 1 left on base; St Charles 3 - Jersey Shore 1
This league is powered by Out of the Park Baseball, the baseball management simulation game for PC, Mac and Linux
Saturday, April 9th, 2016 - OOTP Baseball 16.8 Build 38